 Dungeon Crawl Stone Soup version 0.27-a0-512-g57cc695410 (webtiles) character file.

Game seed: 1880923822408340559

450 lessens the Cudgeller (level 7, 0/66 HPs)
             Began as an Ogre Wanderer on Mar 4, 2021.
             Was a Follower of Makhleb.
             Killed from afar by an orc wizard (6 damage)
             ... with a magic dart
             ... on level 5 of the Dungeon.
             The game lasted 00:05:11 (5924 turns).

lessens the Cudgeller (Ogre Wanderer)               Turns: 5924, Time: 00:05:12

Health: 0/66       AC:  3    Str: 18 (21) XL:     7   Next: 4%
Magic:  7/7        EV:  5    Int:  7 (9)  God:    Makhleb [*.....]
Gold:   286        SH: 11    Dex:  7 (10) Spells: 6/6 levels left

rFire    . . .     SeeInvis .   a - +2 hand axe
rCold    . . .     Faith    .   v - +0 tower shield
rNeg     . . .     Spirit   .   d - +0 robe
rPois    .         Reflect  .   (helmet restricted)
rElec    .         Harm     .   (no cloak)
rCorr    .         Rampage  .   (gloves unavailable)
Will     .....                  (boots unavailable)
Stlth    +.........             (no amulet)
HPRegen  0.21/turn              (no ring)
MPRegen  0.10/turn              (no ring)

@: attractive, flying
A: large, unfitting armour, tough skin 1
a: Renounce Religion


You were on level 5 of the Dungeon.
You worshipped Makhleb.
Makhleb was aware of your devotion.
You visited 1 branch of the dungeon, and saw 5 of its levels.

You collected 286 gold pieces.

Inventory:

Hand Weapons
 a - a +2 hand axe (weapon)
 c - a +0 mace
Missiles
 e - 154 stones (quivered)
Armour
 d - a +0 robe (worn)
 v - a +0 tower shield (worn)
Jewellery
 o - an amulet of faith
 y - an amulet of reflection
Scrolls
 f - 3 scrolls of teleportation
 h - a scroll of blinking {unknown}
 i - a scroll of magic mapping {unknown}
 k - a scroll of amnesia {unknown}
 r - a scroll of identify {unknown}
 s - 2 scrolls of noise {unknown}
 t - a scroll of immolation {unknown}
Potions
 m - a potion of cancellation {unknown}
 p - a potion of haste {unknown}
 q - a potion of heal wounds {unknown}
 u - a potion of berserk rage {unknown}
 w - a potion of invisibility {unknown}
 x - a potion of lignification {unknown}
 z - a potion of brilliance {unknown}


   Skills:
 - Level 2.6 Fighting
 - Level 1.0(4.5) Axes
 * Level 6.5 Maces & Flails
 - Level 3.6 Dodging
 - Level 1.0 Shields
 - Level 1.0 Evocations


You had 6 spell levels left.
You didn't know any spells.
Your spell library was empty.

Dungeon Overview and Level Annotations

Branches:
Dungeon (5/15)
 Temple: D:4-7

Altars:
Cheibriados
Fedhas
Makhleb
Nemelex Xobeh
Qazlal
Xom
The Shining One

Annotations:
D:4 Dowan, Duvessa


Innate Abilities, Weirdness & Mutations

You are too large for most types of armour.
You have tough skin. (AC +1)


Message History

The magic dart hits you. Something hits you but does no damage.
You closely miss something. Something hits you.
You hit something. Something hits you. You block something's attack.
You miss something. Something hits you.
You miss something.
You hear some strange, mumbled words.
Something tries to affect you, but you resist.
You block something's attack.
You closely miss something.
You hear some strange, mumbled words.
You are confused.
You barely miss something. Something hits you. x2
Okay, then.
It was a potion of attraction.
You feel attractive to monsters. Something hits you.
It was a potion of flight.
You feel very buoyant.
You fly up into the air.
You hear some strange, mumbled words.
A magic dart appears from out of thin air!
The magic dart hits you!
* * * LOW HITPOINT WARNING * * *
You feel more buoyant.
You hear some strange, mumbled words.
Something tries to affect you, but you resist.
It was a potion of magic.
Magic courses through your body. Something hits you.
* * * LOW HITPOINT WARNING * * *
It was a potion of degeneration.
There was something very wrong with that liquid.
You feel weakened.
You feel dopey.
You feel clumsy.
You feel less confused.
You hear some strange, mumbled words.
A puff of flame appears from out of thin air!
The puff of flame hits you.
* * * LOW HITPOINT WARNING * * *
You hear some strange, mumbled words.
A magic dart appears from out of thin air!
The magic dart hits you.
You die...

...[. #.#.# #...# #.#.# ###.
#...# ....# ... #...# ....## ##.#
#...# #....###..#####...#
.........###......#
..).....#......{@.#
.[........##..#...## ###########
#.)..############..## #........#.
#######⌠#_#.###.#...###..........
##.#.#.#.#.8.#.#.†........##
#8...............#........##
##...........##.##........##
#..#.#.#.#.8.##.#.........#†
##.#8###.#_#....#..........†


There were no monsters in sight!

Vanquished Creatures
  A sky beast (D:5)
  A centaur (D:5)
  A bullfrog zombie (D:5)
  Natasha (thrice) (D:2)
  A worker ant zombie (D:5)
  4 adders
  A howler monkey skeleton (D:4)
  An ufetubus (D:5)
  An adder skeleton (D:5)
  An adder zombie (D:5)
  2 worms (D:2)
  3 dart slugs
  6 leopard geckos
  6 orcs
  8 giant cockroaches
  2 goblins
  8 hobgoblins
  12 jackals
  2 quokkas
  A ball python (D:3)
  5 bats
  2 frilled lizards
  2 giant cockroach zombies (D:5)
  6 kobolds
  A quokka skeleton (D:5)
  6 rats
87 creatures vanquished.

Vanquished Creatures (others)
  2 plants (D:1)
2 creatures vanquished.

Grand Total: 89 creatures vanquished

Notes
Turn   | Place    | Note
-------+----------+-------------------------------------------
     0 | D:1      | lessens the Ogre Wanderer began the quest for the Orb.
     0 | D:1      | lessens set off with the following items: a +2 hand axe, a
                  | potion of curing, a +0 mace, a +0 robe
     0 | D:1      | Reached XP level 1. HP: 22/22 MP: 1/1
   139 | D:1      | Reached XP level 2. HP: 26/29 MP: 2/2
   222 | D:1      | Reached skill level 2 in Maces & Flails
   442 | D:1      | Reached XP level 3. HP: 19/36 MP: 3/3
  1244 | D:2      | Noticed Natasha
  1254 | D:2      | Killed Natasha
  1255 | D:2      | Reached skill level 3 in Maces & Flails
  1472 | D:2      | Reached XP level 4. HP: 33/44 MP: 4/4
  2153 | D:2      | Noticed Natasha
  2158 | D:2      | Killed Natasha
  2159 | D:2      | Reached skill level 4 in Maces & Flails
  2334 | D:2      | Reached XP level 5. HP: 48/50 MP: 5/5
  2444 | D:2      | Noticed Natasha
  2457 | D:2      | Killed Natasha
  2953 | D:3      | Found a burning altar of Makhleb.
  2964 | D:3      | Became a worshipper of Makhleb the Destroyer
  3068 | D:3      | Found a glowing golden altar of the Shining One.
  3275 | D:3      | Found a snail-covered altar of Cheibriados.
  3485 | D:3      | Found a shimmering altar of Xom.
  3954 | D:3      | Found a stormy altar of Qazlal.
  4255 | D:4      | Found a shimmering altar of Xom.
  4331 | D:4      | Noticed Dowan
  4332 | D:4      | Noticed Duvessa
  4365 | D:3      | Reached skill level 5 in Maces & Flails
  4713 | D:5      | Entered Level 5 of the Dungeon
  4714 | D:5      | Found a sparkling altar of Nemelex Xobeh.
  4847 | D:5      | Reached * piety under Makhleb
  4905 | D:5      | Reached XP level 6. HP: 54/59 MP: 6/6
  5060 | D:5      | Found a blossoming altar of Fedhas.
  5088 | D:5      | Noticed a sky beast
  5391 | D:5      | Killed a sky beast
  5392 | D:5      | Reached skill level 6 in Maces & Flails
  5911 | D:5      | Reached XP level 7. HP: 35/66 MP: 7/7
  5924 | D:5      | Killed from afar by an orc wizard

Illustrated notes

Levels and vault maps discovered:
D:1:      erik_arrival_cave_to_civilisation [erik_arrival_cave_to_temple],
          layout_rooms, serial_forest, infiniplex_forest_corner_1,
          infiniplex_forest_straight_5, infiniplex_forest_lined_4_way,
          infiniplex_forest_clump_curved, infiniplex_forest_clump_tiny,
          infiniplex_forest_straight_3, infiniplex_forest_split
D:2:      layout_basic, uniq_natasha
D:3:      layout_basic, nicolae_overflow_hidden_temple,
          overflow_temple_1_default, cheibriados_altar_1,
          nicolae_overflow_crystal_walls, minmay_liquid_box,
          brannock_xom_greatest_gift
D:4:      layout_basic, kennysheep_mini_moat, eat_drink_and_be_merry_uskayaw,
          kennysheep_boxes, uniq_duvessa
D:5:      layout_rooms, minitemple, zaba_anthole

Skill      XL: |  1  2  3  4  5  6 |
---------------+-------------------+-----
Maces & Flails | 2 3 4 5 6 |  6.5
Fighting       | |  2.6
Axes           | |  1.0
Dodging        | |  3.6
Shields        | |  1.0
Evocations     | |  1.0

Action                   |  1- 3 |  4- 6 |  7- 9 || total
-------------------------+-------+-------+-------++-------
Melee: Hand axe          |    69 |   184 |     7 ||   260
  Use: Scroll            |       |     1 |       ||     1
       Potion            |       |     1 |     5 ||     6
Armor: Robe              |    19 |    55 |     1 ||    75
Dodge: Dodged            |    33 |    98 |       ||   131
Block: Tower shield      |       |    79 |     2 ||    81

Table legend: (Time is in decaauts)
 A = Elapsed time spent in this place.
 B = Non-inter-level travel time spent in this place.
 C = Inter-level travel time spent in this place.
 D = Time resting spent in this place.
 E = Time spent auto-exploring this place.
 F = Levels seen in this place.
 G = Mean time per level.
                   A        B        C        D        E       F      G
               +--------+--------+--------+--------+--------+-----+--------+
         Total |   6010 |   5755 |    255 |   1085 |   3941 |   5 | 1202.0 |
       Dungeon |   6010 |   5755 |    255 |   1085 |   3941 |   5 | 1202.0 |
               +--------+--------+--------+--------+--------+-----+--------+

Top non-repeatable levels by time:
     D:2: 1654 daAuts
     D:1: 1308 daAuts
     D:3: 1190 daAuts
     D:4: 1125 daAuts
     D:5: 732 daAuts
